 Dungeon Crawl Stone Soup version 0.31-a0-1308-ga3cce3a448 (webtiles) character file.

Game seed: 7851846281652517643

777 gruber the Chiller (level 7, -8/45 (51) HPs)
             Began as a Gnoll Ice Elementalist on Dec 19, 2023.
             Mangled by a wight
             ... wielding a +2 scimitar
              (11 damage)
             ... on level 7 of the Dungeon.
             The game lasted 00:05:09 (2724 turns).

gruber the Chiller (Gnoll Ice Elementalist)         Turns: 2724, Time: 00:05:10

HP:   -8/45 (51)    AC: 10    Str:  7    XL:     7   Next: 84%
MP:   0/15          EV: 13    Int: 16    God:
Gold: 104           SH:  0    Dex: 13    Spells: 6/17 levels left

rFire   . . .        r - +2 dagger (speed)
rCold   + . .        (no shield)
rNeg    . . .        i - +0 leather armour {rC+}
rPois   .            (no helmet)
rElec   .            p - +0 cloak
rCorr   .            (no gloves)
SInv    +            f - +0 pair of boots
Will    .....        s - amulet of guardian spirit
Stlth   +++          d - ring of see invisible
HPRegen 0.27/turn    j - ring of flight
MPRegen 0.14/turn

%: guardian spirit
@: ice-armoured, flying, heavily drained
A: fangs 1, strong nose, distributed training
a: no special abilities


You were on level 7 of the Dungeon.
You visited 1 branch of the dungeon, and saw 5 of its levels.

You collected 104 gold pieces.

Inventory:

Hand Weapons
 r - a +2 dagger of speed (weapon)
Armour
 f - a +0 pair of boots (worn)
 i - a +0 leather armour of cold resistance (worn)
 p - a +0 cloak (worn)
Jewellery
 d - a ring of see invisible (left hand)
 j - a ring of flight (right hand)
 s - an amulet of guardian spirit (around neck)
Wands
 h - a wand of iceblast (5)
Scrolls
 a - a scroll of blinking {unknown}
 e - a scroll of immolation {unknown}
 g - 2 scrolls of enchant weapon {unknown}
 n - 2 scrolls of identify {unknown}
 o - a scroll of teleportation {unknown}
Potions
 c - a potion of curing {unknown}
 k - 2 potions of resistance {unknown}
 l - 2 potions of brilliance {unknown}
 m - a potion of mutation {unknown}
 q - a potion of heal wounds {unknown}


   Skills:
 + Level 2.8 Fighting
 + Level 2.8 Short Blades
 + Level 2.8 Long Blades
 + Level 2.8 Axes
 + Level 2.8 Maces & Flails
 + Level 2.8 Polearms
 + Level 2.8 Staves
 + Level 2.8 Ranged Weapons
 + Level 2.8 Throwing
 + Level 2.8 Armour
 + Level 5.4 Dodging
 + Level 5.1 Stealth
 + Level 2.8 Shields
 + Level 2.8 Unarmed Combat
 + Level 5.8 Spellcasting
 + Level 2.2 Conjurations
 + Level 2.2 Hexes
 + Level 2.2 Summonings
 + Level 2.2 Necromancy
 + Level 2.2 Translocations
 + Level 2.2 Transmutations
 + Level 2.2 Fire Magic
 + Level 7.5 Ice Magic
 + Level 2.2 Air Magic
 + Level 2.2 Earth Magic
 + Level 2.2 Poison Magic
 + Level 3.1 Invocations
 + Level 2.8 Evocations
 + Level 2.5 Shapeshifting


You had 6 spell levels left.
You knew the following spells:

 Your Spells              Type           Power      Damage    Failure   Level
a - Freeze                Ice            100%       1d10      1%          1
b - Frozen Ramparts       Ice            56%        1d9       2%          3
c - Ozocubu's Armour      Ice            28%        N/A       2%          3
d - Summon Ice Beast      Ice/Summ       20%        N/A       26%         4

Your spell library contained the following spells:

 Spells                   Type           Power      Damage    Failure   Level


Dungeon Overview and Level Annotations

Branches:
Dungeon (4/15)
 Temple: D:4-7

Altars:
Okawaru
Wu Jian


Innate Abilities, Weirdness & Mutations

You have very sharp teeth.
Your uncanny sense of smell can sniff out nearby items.
Your experience applies equally to all skills.


Message History

You hit the wight but do no damage.
The wight is almost destroyed.
The wight hits you with a +2 scimitar!
You feel drained. The wight barely misses you.
You hit the wight.
You destroy the wight!
Things that are here:
a +0 flail; a +0 robe The wight attacks as it pursues you!
The wight closely misses you.
You see here a sky beast corpse.
Okay, then.
You hit the wight.
The wight is lightly damaged.
The wight hits you but does no damage.
You closely miss the wight.
The wight is lightly damaged.
You barely miss the wight.
The wight is lightly damaged.
The wight hits you with a +2 scimitar.
You feel drained.
You hit the wight.
The wight is moderately damaged.
The wight hits you with a +2 scimitar!
* * * LOW HITPOINT WARNING * * *
You feel drained.
* * * LOW HITPOINT WARNING * * *
You hit the wight but do no damage.
The wight is moderately damaged.
Magic courses through your body. The wight hits you with a +2 scimitar!
* * * LOW HITPOINT WARNING * * *
Unknown command.
Unknown command.
Unknown command.
Casting: Summon Ice Beast (quite dangerous; 26% risk of failure)
Confirm with . or Enter, or press ? or * to list all spells.
A chill wind blows around you. The wight barely misses you.
Unknown command.
Casting: Summon Ice Beast (quite dangerous; 26% risk of failure)
Confirm with . or Enter, or press ? or * to list all spells.
A film of ice covers your body! The wight hits you with a +2 scimitar!
You die...

.........? ........#
∆....... . ..... ...
...##
.....##########...####
........Yz@...#......#
....)########.....#
... ###...# . #...#
#####


You could see a wight (ally target) and a friendly ice beast (summoned).

Vanquished Creatures
  Grinder (D:3)
  Sigmund (D:3)
  A sky beast (D:7)
  A wight (D:7)
  Jessica (D:2)
  Terence (D:2)
  Natasha (thrice) (D:1)
  An orc wizard (D:3)
  3 gnolls (D:3)
  An adder (D:2)
  2 dart slugs (D:2)
  3 orcs (D:3)
  6 ball pythons
  7 bats
  9 endoplasms
  4 giant cockroaches
  5 goblins
  3 hobgoblins
  10 jackals
  3 frilled lizards
  3 kobolds
  4 rats
73 creatures vanquished.

Vanquished Creatures (collateral kills)
  2 goblins (D:3)
2 creatures vanquished.

Grand Total: 75 creatures vanquished

Notes
Turn   | Place    | Note
-------+----------+-------------------------------------------
     0 | D:1      | gruber the Gnoll Ice Elementalist began the quest for the
                  | Orb.
     0 | D:1      | Reached XP level 1. HP: 13/13 MP: 6/6
   152 | D:1      | Reached XP level 2. HP: 12/19 MP: 4/7
   626 | D:2      | Noticed Terence
   630 | D:2      | Reached XP level 3. HP: 24/25 MP: 6/9
   634 | D:1      | Reached skill level 5 in Spellcasting
   638 | D:1      | Learned a level 3 spell: Frozen Ramparts
   644 | D:1      | Learned a level 3 spell: Ozocubu's Armour
   679 | D:2      | Killed Terence
   680 | D:2      | Reached skill level 1 in Fighting
   680 | D:2      | Reached skill level 1 in Short Blades
   680 | D:2      | Reached skill level 1 in Long Blades
   680 | D:2      | Reached skill level 1 in Axes
   680 | D:2      | Reached skill level 1 in Maces & Flails
   680 | D:2      | Reached skill level 1 in Polearms
   680 | D:2      | Reached skill level 1 in Staves
   680 | D:2      | Reached skill level 1 in Ranged Weapons
   680 | D:2      | Reached skill level 1 in Throwing
   680 | D:2      | Reached skill level 1 in Armour
   680 | D:2      | Reached skill level 1 in Shields
   680 | D:2      | Reached skill level 1 in Unarmed Combat
   680 | D:2      | Reached skill level 1 in Invocations
   680 | D:2      | Reached skill level 1 in Evocations
   765 | D:2      | Reached XP level 4. HP: 27/32 MP: 2/11
   888 | D:2      | Reached skill level 1 in Shapeshifting
   914 | D:2      | Noticed Natasha
   933 | D:1      | Killed Natasha
   934 | D:1      | Reached skill level 1 in Conjurations
   934 | D:1      | Reached skill level 1 in Hexes
   934 | D:1      | Reached skill level 1 in Summonings
   934 | D:1      | Reached skill level 1 in Necromancy
   934 | D:1      | Reached skill level 1 in Translocations
   934 | D:1      | Reached skill level 1 in Transmutations
   934 | D:1      | Reached skill level 1 in Fire Magic
   934 | D:1      | Reached skill level 1 in Air Magic
   934 | D:1      | Reached skill level 1 in Earth Magic
   934 | D:1      | Reached skill level 1 in Poison Magic
   968 | D:1      | Noticed Natasha
   973 | D:1      | Killed Natasha
  1019 | D:1      | Noticed Natasha
  1024 | D:1      | Killed Natasha
  1025 | D:1      | Reached XP level 5. HP: 37/37 MP: 7/12
  1548 | D:3      | Noticed Jessica
  1554 | D:3      | Noticed Grinder
  1559 | D:2      | Killed Jessica
  1634 | D:2      | Learned a level 4 spell: Summon Ice Beast
  1666 | D:3      | Found an iron altar of Okawaru.
  1853 | D:3      | Noticed Sigmund
  1863 | D:3      | Killed Sigmund
  1864 | D:3      | Reached skill level 5 in Dodging
  1864 | D:3      | Reached XP level 6. HP: 44/44 MP: 2/14
  2097 | D:3      | Found an ornate altar of the Wu Jian Council.
  2248 | D:3      | Paralysed by Grinder for 3 turns
  2341 | D:3      | Paralysed by Grinder for 2 turns
  2414 | D:3      | Killed Grinder
  2415 | D:3      | Reached XP level 7. HP: 29/51 MP: 5/15
  2668 | D:4      | You are sucked into a shaft and drop 3 floors!
  2689 | D:7      | Reached skill level 5 in Stealth
  2722 | D:7      | HP: 2/45 [wight/+2 scimitar (2)]
  2724 | D:7      | Mangled by a wight

Illustrated notes

Levels and vault maps discovered:
D:1:      dpeg_arrival_radiant, layout_rooms, minmay_pentomino_r2
D:2:      layout_rooms, hangedman_decor_clover_reticule,
          corexii_leaking_fountain, minmay_distorted, uniq_terence, uniq_natasha
D:3:      layout_rooms, nicolae_wu_jian_glorious_leap,
          kennysheep_okawaru_gauntlet, minmay_crystal_water, uniq_grinder,
          uniq_jessica, uniq_sigmund
D:4:      layout_cave_pools, mainiacjoe_ossuary_entry_find_the_door,
          small_statue_intersection
D:7:      layout_rooms, fedhas_altar_decomposition,
          nicolae_dithmenos_the_darkroom, jmf_multi_god_temple2,
          minmay_temple_entry_mini_moons

Skill      XL: |  1  2  3  4  5  6  7 |
---------------+----------------------+-----
Spellcasting   | 5 |  5.8
Fighting       | 1 2 |  2.8
Short Blades   | 1 2 |  2.8
Long Blades    | 1 2 |  2.8
Axes           | 1 2 |  2.8
Maces & Flails | 1 2 |  2.8
Polearms       | 1 2 |  2.8
Staves         | 1 2 |  2.8
Ranged Weapons | 1 2 |  2.8
Throwing       | 1 2 |  2.8
Armour         | 1 2 |  2.8
Shields        | 1 2 |  2.8
Unarmed Combat | 1 2 |  2.8
Invocations    | 1 2 3 |  3.1
Evocations     | 1 2 |  2.8
Shapeshifting  | 1 2 |  2.5
Conjurations   | 1 2 |  2.2
Hexes          | 1 2 |  2.2
Summonings     | 1 2 |  2.2
Necromancy     | 1 2 |  2.2
Translocations | 1 2 |  2.2
Transmutations | 1 2 |  2.2
Fire Magic     | 1 2 |  2.2
Air Magic      | 1 2 |  2.2
Earth Magic    | 1 2 |  2.2
Poison Magic   | 1 2 |  2.2
Dodging        | 5 |  5.4
Stealth        | 5 |  5.1
Ice Magic      | |  7.5

Action                     |  1- 3 |  4- 6 |  7- 9 || total
---------------------------+-------+-------+-------++-------
  Melee: Unarmed           |     6 |       |       ||     6
         Bite              |     2 |     9 |     3 ||    14
         Rapier            |     4 |    50 |       ||    54
         Dagger            |       |    10 |    28 ||    38
         Punch             |       |     2 |       ||     2
   Cast: Freeze            |    36 |    24 |       ||    60
         Frozen Ramparts   |     1 |     6 |     2 ||     9
         Ozocubu's Armour  |     1 |     3 |     3 ||     7
         Summon Ice Beast  |       |     6 |     3 ||     9
    Use: Potion            |       |       |     1 ||     1
   Stab: Sleeping          |     1 |     3 |     1 ||     5
         Distracted        |       |     1 |       ||     1
 Armour: Robe              |     8 |       |       ||     8
         Leather armour    |    10 |    53 |    13 ||    76
  Dodge: Dodged            |    27 |    50 |    16 ||    93

Table legend: (Time is in decaauts)
 A = Elapsed time spent in this place.
 B = Non-inter-level travel time spent in this place.
 C = Inter-level travel time spent in this place.
 D = Time resting spent in this place.
 E = Time spent auto-exploring this place.
 F = Levels seen in this place.
 G = Mean time per level.
                   A        B        C        D        E       F      G
               +--------+--------+--------+--------+--------+-----+--------+
         Total |   2718 |   2551 |    167 |    138 |   1774 |   5 |  543.6 |
       Dungeon |   2718 |   2551 |    167 |    138 |   1774 |   5 |  543.6 |
               +--------+--------+--------+--------+--------+-----+--------+

Top non-repeatable levels by time:
     D:2: 999 daAuts
     D:3: 867 daAuts
     D:1: 772 daAuts
     D:7: 46 daAuts
     D:4: 33 daAuts
